 Dungeon Sprint DCSS version 0.30.1-11-g7821555f0a (webtiles) character file.

Game seed: 9199495005571811166

20 Groucho the Digger (level 2, -6/13 (15) HPs)
             Began as a Deep Elf Earth Elementalist on Jan 8, 2024.
             Was a Follower of Sif Muna.
             Mangled by a wight
             ... wielding a +6 halberd of freezing
              (7 damage)
             ... in the Dungeon (Sprint VII: "The Pits").
             The game lasted 00:01:27 (636 turns).

Groucho the Digger (Deep Elf Earth Elementalist)     Turns: 636, Time: 00:01:29

HP:   -6/13 (15)    AC:  2    Str:  5    XL:     2   Next: 58%
MP:   8/8           EV: 12    Int: 19    God:    Sif Muna [*.....]
Gold: 0             SH:  0    Dex: 15    Spells: 7/8 levels left

rFire   . . .        h - +2 dagger
rCold   . . .        (no shield)
rNeg    . . .        a - +0 robe
rPois   .            (no helmet)
rElec   .            (no cloak)
rCorr   .            (no gloves)
SInv    .            (no boots)
Will    .....        (no amulet)
Stlth   ++           (no ring)
HPRegen 0.22/turn    (no ring)
MPRegen 0.11/turn

%: no teleportation
@: heavily drained
A: no striking features
a: Renounce Religion, Channel Magic


You were in the Dungeon.
You worshipped Sif Muna.
Sif Muna was aware of your devotion.
You visited 1 branch

Inventory:

Hand Weapons
 h - a +2 dagger (weapon)
Armour
 a - a +0 robe (worn)
Scrolls
 g - a scroll of blinking
 j - 5 scrolls of amnesia
 k - a scroll of summoning
Potions
 b - 5 potions of magic
 c - a potion of curing
 d - a potion of heal wounds
 e - a potion of haste
 f - 3 potions of berserk rage
 i - 2 potions of invisibility


   Skills:
 - Level 2.4 Dodging
 - Level 2.4 Stealth
 + Level 3.9 Spellcasting
 * Level 2.7 Conjurations
 + Level 2.3 Transmutations
 * Level 4.5 Earth Magic
 + Level 1.8 Invocations


You had 7 spell levels left.
You knew the following spells:

 Your Spells              Type           Power      Damage    Failure   Level
a - Sandblast             Erth           42%        2d11      2%          1

Your spell library contained the following spells:

 Spells                   Type           Power      Damage    Failure   Level
 Passwall                 Tmut/Erth      13%        N/A       4%          2
 Stone Arrow              Conj/Erth      34%        3d9       10%         3
 Petrify                  Tmut/Erth      16%        N/A       32%         4


Dungeon Overview and Level Annotations

Branches:
Dungeon (1/1)

Altars:
Ashenzari
Cheibriados
Dithmenos
Elyvilon
Fedhas
Gozag
Hepliaklqana
Kikubaaqudgha
Makhleb
Nemelex Xobeh
Okawaru
Qazlal
Ru
Sif Muna
Trog
Uskayaw
Vehumet
Wu Jian
Xom
Yredelemnul
Zin
The Shining One
Jiyva
Lugonu


Message History

Aiming: Sandblast (safe; 2% risk of failure)
Press: ? - help, Shift-Dir - straight line, f/p - ufetubus
Aim: an ufetubus (asleep, 100% to hit)
The blast of sand hits the ufetubus.
The ufetubus is lightly wounded.
The ufetubus shouts!
The ufetubus barely misses you. x2; The ufetubus hits you.
The ufetubus hits you but does no damage.
Unknown command.
Casting: Sandblast (safe; 2% risk of failure)
Confirm with . or Enter, or press ? or * to list all spells.
Aiming: Sandblast (safe; 2% risk of failure)
Press: ? - help, Shift-Dir - straight line, f/p - ufetubus
Aim: an ufetubus (lightly wounded, 72% to hit)
The blast of sand hits the ufetubus!
You kill the ufetubus!
Sif Muna accepts your kill.
Unknown command.
Unknown command.
There is an open door here.
Your magical contamination has completely faded away.
You start resting.
HP restored.
You start resting.
Magic restored.
You start waiting.
Done waiting.
You start waiting.
Done waiting.
You open the door. 3 wights and an orc come into view.
A wight is wielding a +6 halberd of freezing.
The wight barely misses you.
A quokka, 2 wights and a hobgoblin come into view.
The wight hits you with a +6 halberd of freezing!
Ouch! That really hurt!
* * * LOW HITPOINT WARNING * * *
You feel drained.
Ouch! That really hurt!
You die...

##########.##..........
#...........').........
+#####'#####......#..#
#..)..# #..........
#.....# ####'#####+
###'### #.......#
#)....# #.......#
#.....# #.......#
####@## #...<...#
#r...z.zz##.......#
#g...ozz.##.......#
###########.......#
#########


You could see 5 wights, an orc, a quokka (asleep) and a hobgoblin (asleep).

Vanquished Creatures
  A gnoll (D)
  An ufetubus (D)
  An orc (D)
  A giant cockroach (D)
  A goblin (D)
5 creatures vanquished.

Notes
Turn   | Place    | Note
-------+----------+-------------------------------------------
     0 | D        | Groucho the Deep Elf Earth Elementalist began the quest for
                  | the Orb.
     0 | D        | Reached XP level 1. HP: 10/10 MP: 6/6
    15 | D        | Reached skill level 4 in Earth Magic
    15 | D        | Reached skill level 1 in Invocations
    15 | D        | Reached XP level 2. HP: 11/15 MP: 1/8
   360 | D        | Found a bloodstained altar of Trog.
   360 | D        | Found a shimmering blue altar of Sif Muna.
   360 | D        | Found a viscous altar of Jiyva.
   360 | D        | Found a hazy altar of Hepliaklqana.
   360 | D        | Found an opulent altar of Gozag.
   361 | D        | Found a glowing golden altar of the Shining One.
   361 | D        | Found a glowing silver altar of Zin.
   361 | D        | Found a basalt altar of Yredelemnul.
   361 | D        | Found a shimmering altar of Xom.
   361 | D        | Found an ornate altar of the Wu Jian Council.
   361 | D        | Found a sacrificial altar of Ru.
   361 | D        | Found a stormy altar of Qazlal.
   361 | D        | Found an iron altar of Okawaru.
   361 | D        | Found a sparkling altar of Nemelex Xobeh.
   361 | D        | Found a burning altar of Makhleb.
   361 | D        | Found a blossoming altar of Fedhas.
   361 | D        | Found a white marble altar of Elyvilon.
   361 | D        | Found a shadowy altar of Dithmenos.
   361 | D        | Found a snail-covered altar of Cheibriados.
   362 | D        | Found a radiant altar of Vehumet.
   362 | D        | Found a corrupted altar of Lugonu.
   363 | D        | Found an ancient bone altar of Kikubaaqudgha.
   363 | D        | Found a hide-covered altar of Uskayaw.
   363 | D        | Found a broken altar of Ashenzari.
   364 | D        | Became a worshipper of Sif Muna the Loreminder
   400 | D        | Reached * piety under Sif Muna
   635 | D        | Noticed a wight
   635 | D        | Noticed a wight
   635 | D        | Noticed a wight
   636 | D        | Noticed a wight
   636 | D        | Noticed a wight
   636 | D        | Mangled by a wight

Illustrated notes

Levels and vault maps discovered:
D:        pitsprint [storerooms_1, entrance_room_1, metal_vault_1, armoury_1,
          mini_pit_1, grid_room_1, main_hall_1, silver_pit, the_coven_3,
          the_vestibule_1, steel_vault_4, golden_pit, hallway_of_sentries,
          crystal_vault_4, iron_vault_2, final_vault]

Skill      XL: |  1 |
---------------+----+-----
Conjurations   | 2 |  2.7
Transmutations | 2 |  2.3
Earth Magic    | 4 |  4.5
Invocations    | 1 |  1.8
Dodging        | |  2.4
Stealth        | |  2.4
Spellcasting   | |  3.9

Action                     || total
---------------------------++-------
  Melee: Dagger            ||     1
   Cast: Sandblast         ||     8
   Stab: Sleeping          ||     1
 Armour: Robe              ||     1
  Dodge: Dodged            ||     5
